 Dungeon Crawl Stone Soup version 0.27-a0-291-gd9602db6ee (webtiles) character file.

Game seed: 7866763931972165917

276 Nattfarinn the Grave Robber (level 6, 51/51 HPs)
             Began as a Ghoul Necromancer on Feb 9, 2021.
             Quit the game on level 4 of the Dungeon.
             The game lasted 00:08:43 (4255 turns).

Nattfarinn the Grave Robber (Ghoul Necromancer)     Turns: 4255, Time: 00:08:44

Health: 51/51      AC: 14    Str: 12    XL:     6   Next: 25%
Magic:  7/7        EV:  5    Int: 12    God:
Gold:   161        SH:  0    Dex:  9    Spells: 6/8 levels left

rFire    + . .     SeeInvis .   j - -3 scimitar (curse)
rCold    + . .     Faith    .   (no shield)
rNeg     + + +     Spirit   .   d - +3 chain mail {rF+}
rPois    ∞         Reflect  .   f - +0 helmet
rElec    .         Harm     .   (no cloak)
rCorr    +         Rampage  .   g - +1 pair of gloves
Will     .....                  (no boots)
Stlth    ..........             (no amulet)
HPRegen  0.17/turn              n - ring of resist corrosion
MPRegen  0.10/turn              (no ring)

@: no status effects
A: claws 1, cold resistance 1, negative energy resistance 3, inhibited
regeneration, torment resistance, unbreathing
a: no special abilities


You were on level 4 of the Dungeon.
You visited 1 branch of the dungeon, and saw 4 of its levels.

You collected 161 gold pieces.

Inventory:

Hand Weapons
 j - a cursed -3 scimitar (weapon)
Missiles
 m - 4 poisoned darts
Armour
 a - a +0 robe
 d - a +3 chain mail of fire resistance (worn)
 f - a +0 helmet (worn)
 g - a +1 pair of gloves (worn)
Jewellery
 k - an uncursed amulet of magic regeneration {unknown}
 n - a ring of resist corrosion (left hand)
Wands
 c - a wand of digging (6)
Scrolls
 b - 5 scrolls of identify
 h - a scroll of blinking
Potions
 e - 2 potions of lignification {unknown}
 i - a potion of cancellation {unknown}
 l - a potion of degeneration {unknown}


   Skills:
 - Level 3.1 Fighting
 - Level 1.7 Dodging
 - Level 2.1 Stealth
 - Level 3.1 Unarmed Combat
 - Level 1.7 Spellcasting
 * Level 5.8 Necromancy


You had 6 spell levels left.
You knew the following spells:

 Your Spells              Type           Power        Failure   Level
a - Pain                  Necr           60%          77%         1
b - Animate Skeleton      Necr           30%          77%         1

Your spell library contained the following spells:

 Spells                   Type           Power        Failure   Level
 Vampiric Draining        Necr           7%           98%         3
 Animate Dead             Necr           7%           100%        4
 Agony                    Necr           15%          100%        5


Dungeon Overview and Level Annotations

Branches:
Dungeon (4/15)
 Temple: D:4-7

Altars:


Innate Abilities, Weirdness & Mutations

You thrive by killing the living.
You are immune to poison.
You have sharp fingernails.
Your flesh is cold resistant. (rC+)
You are immune to negative energy. (rN+++)
You do not regenerate when monsters are visible.
You are immune to unholy pain and torment.
You can survive without breathing.


Message History

As you open the door, it creaks loudly!
An orc comes into view. It is wielding a +0 flail.
The orc shouts!
An orc comes into view. It is wielding a +0 club.
There are monsters nearby!
The orc shouts!
An orc priest comes into view. It is wielding a +0 falchion.
There is an open door here.
There is a stone staircase leading down here.
You close the door.
Okay, then.
You climb downwards.
Found 12 gold pieces and a chain mail.
There is a stone staircase leading up here.
Unknown command.
Unknown command.
You start waiting.
Done waiting.
Okay, then.
Are you sure you want to abandon this character and quit the game? (Confirm with "yes".)

##.###
#.... #
##....
.
....#.#
#...#.#
.$...
#..#
#@.#
#..#
#....
#.#..#
[.##.#
### ..
##


There were no monsters in sight!

Vanquished Creatures
  An orc priest (D:3)
  Ijyb (D:3)
  Natasha (twice) (D:3)
  Terence (D:2)
  An orc wizard (D:3)
  6 adders
  3 worms
  A dart slug (D:1)
  3 leopard geckos
  2 orcs (D:3)
  2 ball pythons
  5 giant cockroaches
  6 hobgoblins
  4 kobolds
  A quokka (D:3)
  6 bats
  7 goblins
  8 rats
60 creatures vanquished.

Notes
Turn   | Place    | Note
-------+----------+-------------------------------------------
     0 | D:1      | Nattfarinn the Ghoul Necromancer began the quest for the
                  | Orb.
     0 | D:1      | Reached XP level 1. HP: 14/14 MP: 2/2
   635 | D:1      | Reached skill level 1 in Fighting
   635 | D:1      | Reached skill level 1 in Unarmed Combat
   635 | D:1      | Reached XP level 2. HP: 23/23 MP: 0/3
  1099 | D:1      | Reached XP level 3. HP: 29/29 MP: 2/4
  1286 | D:1      | Learned a level 1 spell: Animate Skeleton
  2480 | D:2      | Noticed Terence
  2497 | D:2      | Reached XP level 4. HP: 36/37 MP: 3/5
  2509 | D:2      | Killed Terence
  3181 | D:3      | Noticed Natasha
  3188 | D:3      | Killed Natasha
  3189 | D:3      | Reached XP level 5. HP: 31/45 MP: 0/6
  3712 | D:3      | Noticed Natasha
  3729 | D:3      | Killed Natasha
  3730 | D:3      | Reached skill level 5 in Necromancy
  3754 | D:3      | Reached XP level 6. HP: 17/51 MP: 1/7
  4063 | D:3      | Noticed Ijyb
  4081 | D:3      | Killed Ijyb
  4255 | D:4      | Quit the game

Illustrated notes

Levels and vault maps discovered:
D:1:      lemuel_arrival_behind_the_door_large, layout_basic
D:2:      layout_rooms, due_unseen_surprise, uniq_terence
D:3:      layout_basic, serial_corexii_hall, corexii_hall_statues_deadend,
          chequers_hall_statues_y, corexii_hall_statues_u,
          chequers_hall_statues_y, uniq_natasha, uniq_ijyb
D:4:      layout_loops_ring, kennysheep_mini, gammafunk_temple_overflow_wave,
          serial_shops, shop

Skill      XL: |  1  2  3  4  5 |
---------------+----------------+-----
Fighting       | 1 2 3 |  3.1
Unarmed Combat | 1 2 3 |  3.1
Necromancy     | 5 |  5.8
Dodging        | |  1.7
Stealth        | |  2.1
Spellcasting   | |  1.7

Action                   |  1- 3 |  4- 6 || total
-------------------------+-------+-------++-------
Melee: Unarmed           |    83 |    25 ||   108
       Scimitar          |       |    73 ||    73
       Punch             |       |     2 ||     2
 Cast: Pain              |    59 |    66 ||   125
       Animate Skeleton  |     3 |       ||     3
  Use: Scroll            |       |     5 ||     5
       Potion            |       |     2 ||     2
Armor: Robe              |    25 |    38 ||    63
Dodge: Dodged            |    63 |    69 ||   132
       Rpst.: Scimitar   |       |    14 ||    14

Table legend: (Time is in decaauts)
 A = Elapsed time spent in this place.
 B = Non-inter-level travel time spent in this place.
 C = Inter-level travel time spent in this place.
 D = Time resting spent in this place.
 E = Time spent auto-exploring this place.
 F = Levels seen in this place.
 G = Mean time per level.
                   A        B        C        D        E       F      G
               +--------+--------+--------+--------+--------+-----+--------+
         Total |   4285 |   4207 |     78 |   1392 |   2186 |   4 | 1071.2 |
       Dungeon |   4285 |   4207 |     78 |   1392 |   2186 |   4 | 1071.2 |
               +--------+--------+--------+--------+--------+-----+--------+

Top non-repeatable levels by time:
     D:1: 1892 daAuts
     D:2: 1264 daAuts
     D:3: 1027 daAuts
     D:4: 100 daAuts
